 Dungeon Crawl Stone Soup version 0.30.0-29-ga12c61a403 (webtiles) character file.

Game seed: 6474866639263200973

74 safid the Chiller (level 4, 0/33 HPs)
             Began as a Merfolk Ice Elementalist on June 16, 2023.
             Slain by an ogre
             ... wielding a +0 giant club
              (19 damage)
             ... on level 4 of the Dungeon.
             The game lasted 00:03:32 (2367 turns).

safid the Chiller (Merfolk Ice Elementalist)        Turns: 2367, Time: 00:03:32

Health: 0/33       AC: 17    Str:  8    XL:     4   Next: 30%
Magic:  2/8        EV: 12    Int: 16    God:
Gold:   149        SH:  0    Dex: 14    Spells: 1/8 levels left

rFire   x x .        h - +1 short sword (flame)
rCold   x x .        (no shield)
rNeg    . . .        q - +0 troll leather armour
rPois   +            (no helmet)
rElec   .            o - +0 cloak
rCorr   .            (no gloves)
SInv    .            (no boots)
Will    .....        a - amulet of Elemental Vulnerability {rPois rF-- rC-- AC+8}
Stlth   ++           (no ring)
HPRegen 1.05/turn    (no ring)
MPRegen 0.11/turn

%: no passive effects
@: ice-armoured, freezing walls
A: (nimble swimmer 2), mertail
a: no special abilities


You were on level 4 of the Dungeon.
You visited 1 branch of the dungeon, and saw 4 of its levels.

You collected 149 gold pieces.

Inventory:

Hand Weapons
 h - a +1 short sword of flaming (weapon)
Armour
 o - a +0 cloak (worn)
 q - a +0 troll leather armour (worn)
Jewellery
 a - the amulet of Elemental Vulnerability (around neck) {rPois rF-- rC-- AC+8}
   (You found it on level 3 of the Dungeon)

   [amulet of nothing]

   AC:        It affects your AC (+8).
   rF:        It makes you very vulnerable to fire.
   rC:        It makes you very vulnerable to cold.
   rPois:     It protects you from poison.
Scrolls
 e - a scroll of immolation {unknown}
 f - a scroll of teleportation {unknown}
 i - a scroll of poison {unknown}
 j - a scroll of noise {unknown}
 k - 3 scrolls of identify {unknown}
 l - a scroll of fear {unknown}
 m - a scroll of fog {unknown}
 n - a scroll of blinking {unknown}
 r - a scroll of enchant armour {unknown}
Potions
 b - a potion of magic
 c - 4 potions of curing {unknown}
 d - 2 potions of heal wounds {unknown}
 g - 2 potions of mutation {unknown}
 p - a potion of lignification {unknown}


   Skills:
 + Level 2.2 Fighting
 - Level 2.6 Dodging
 - Level 2.1 Stealth
 + Level 2.9 Spellcasting
 + Level 5.0 Ice Magic


You had one spell level left.
You knew the following spells:

 Your Spells              Type           Power      Damage    Failure   Level
a - Freeze                Ice            72%        1d8       3%          1
b - Frozen Ramparts       Ice            36%        1d6       11%         3
c - Ozocubu's Armour      Ice            18%        N/A       11%         3

Your spell library contained the following spells:

 Spells                   Type           Power      Damage    Failure   Level
 Magic Dart               Conj           8%         1d3       28%         1
 Hailstorm                Conj/Ice       10%        3d5       28%         3
 Searing Ray              Conj           4%         2d4       38%         2
 Summon Ice Beast         Ice/Summ       10%        N/A       67%         4
 Fulminant Prism          Conj/Hex       1%         3d5       95%         4


Dungeon Overview and Level Annotations

Branches:
Dungeon (4/15)
 Temple: D:4-7

Altars:


Innate Abilities, Weirdness & Mutations

((You are very nimble when in or above water. (Stealth+, EV+, Speed+++)))
Your lower body shifts to a powerful aquatic tail in water.


Message History

The spell is quite dangerous to miscast (11% risk of failure)!
Continue anyway? [Y]es or [N]o only, please.
The spell is quite dangerous to miscast (11% risk of failure)!
Continue anyway?
A film of ice covers your body! The ogre misses you.
Unknown command.
Casting: Ozocubu's Armour (quite dangerous; 11% risk of failure)
Confirm with . or Enter, or press ? or * to list all spells.
The spell is quite dangerous to miscast (11% risk of failure)!
Continue anyway? [Y]es or [N]o only, please.
The spell is quite dangerous to miscast (11% risk of failure)!
Continue anyway?
Casting: Frozen Ramparts (quite dangerous; 11% risk of failure)
Press: ? - help, Dir - look around, f - activate A stone staircase leading up.
The walls around you are covered in ice.
A ball python comes into view.
You hit the ogre. You burn the ogre.
The ogre is moderately wounded.
The wall freezes the ogre but does no damage.
The ogre closely misses you.
You hit the ogre. You burn the ogre.
The ogre is moderately wounded.
The wall freezes the ball python.
You kill the ball python!
The wall freezes the ogre.
The ogre hits you with a +0 giant club!
Ouch! That really hurt!
You are too injured to fight recklessly!
You are too injured to fight recklessly!
You hit the ogre. You burn the ogre.
The ogre is heavily wounded.
Unknown command.
You barely miss the ogre.
The ogre is heavily wounded.
The wall freezes the ogre.
The ogre barely misses you.
Unknown command.
You hit the ogre. You burn the ogre.
The ogre is severely wounded.
The wall freezes the ogre.
The ogre hits you with a +0 giant club!!
Ouch! That really hurt!
You die...

.
....###########
.......@.......
....###O#######
. #)# ... .#.
.. .# #. .# #.
..


You could see an ogre.

Vanquished Creatures
  3 adders
  An orc (D:3)
  6 ball pythons
  2 endoplasms
  2 giant cockroaches
  4 hobgoblins
  3 quokkas
  5 bats
  3 frilled lizards (D:1)
  6 goblins
  5 kobolds
  5 rats
45 creatures vanquished.

Notes
Turn   | Place    | Note
-------+----------+-------------------------------------------
     0 | D:1      | safid the Merfolk Ice Elementalist began the quest for the
                  | Orb.
     0 | D:1      | Reached XP level 1. HP: 13/13 MP: 3/3
   185 | D:1      | Reached XP level 2. HP: 12/20 MP: 3/5
   425 | D:1      | Reached skill level 1 in Fighting
  1536 | D:2      | Reached XP level 3. HP: 24/26 MP: 0/6
  1542 | D:2      | Learned a level 3 spell: Frozen Ramparts
  1760 | D:3      | Found the amulet of Elemental Vulnerability {rPois rF--
                  | rC-- AC+8}
  1871 | D:3      | Learned a level 3 spell: Ozocubu's Armour
  1994 | D:3      | Reached XP level 4. HP: 33/33 MP: 8/8
  2001 | D:3      | Reached skill level 5 in Ice Magic
  2011 | D:3      | Found a faded altar of an unknown god.
  2360 | D:4      | Noticed an ogre
  2367 | D:4      | Slain by an ogre

Illustrated notes

Levels and vault maps discovered:
D:1:      scummos_arrival_checkerplants, layout_basic, serial_bayou_crossing
D:2:      layout_rooms
D:3:      layout_loops_cross, ebering_ecumenical_altar_petrified
D:4:      gammafunk_wand_slinger, layout_rooms, nicolae_titane, uniq_grinder

Skill      XL: |  1  2  3  4 |
---------------+-------------+-----
Fighting       | 1 2 |  2.2
Ice Magic      | 5 |  5.0
Dodging        | |  2.6
Stealth        | |  2.1
Spellcasting   | |  2.9

Action                     |  1- 3 |  4- 6 || total
---------------------------+-------+-------++-------
  Melee: Unarmed           |     6 |       ||     6
         Dagger            |    10 |       ||    10
         Short sword       |    59 |    26 ||    85
         Tailslap          |     2 |       ||     2
   Cast: Freeze            |    16 |       ||    16
         Ozocubu's Armour  |       |     1 ||     1
         Frozen Ramparts   |       |     1 ||     1
   Stab: Sleeping          |     6 |     1 ||     7
 Armour: Robe              |     3 |       ||     3
         Troll leather arm |    19 |     7 ||    26
  Dodge: Dodged            |    68 |    13 ||    81
